 Dungeon Crawl Stone Soup version 0.19-a0-1223-gf83d13a (webtiles) character file.

45 PurpleRed the Conjurer (level 3, -1/19 HPs)
             Began as a Deep Elf Conjurer on Aug 24, 2016.
             Slain by Grinder (7 damage)
             ... on level 3 of the Dungeon.
             The game lasted 00:04:02 (483 turns).

PurpleRed the Conjurer (Deep Elf Conjurer)           Turns: 483, Time: 00:04:02

Health: -1/19      AC:  2    Str:  5    XL:     3   Next: 42%
Magic:  3/10       EV: 13    Int: 20    God:
Gold:   31         SH:  0    Dex: 15    Spells: 2 memorised, 6 levels left

rFire  . . .     SeeInvis .     g - +0 dagger
rCold  . . .     Gourm    .     a - +0 robe
rNeg   . . .     Faith    .     (no shield)
rPois  +         Spirit   .     (no helmet)
rElec  .         Dismiss  .     (no cloak)
rCorr  .         Reflect  .     (no gloves)
MR     .....     Harm     .     (no boots)
Stlth  ++........               (no amulet)
                                (no ring)
                                k - ring of poison resistance

@: no status effects
A: no striking features
a: no special abilities


You were on level 3 of the Dungeon.
You were not hungry.

You visited 1 branch of the dungeon, and saw 3 of its levels.

You collected 31 gold pieces.

Inventory:

Hand Weapons
 d - a +0 club
 g - a +0 dagger (weapon)
 i - a +0 rapier
Missiles
 j - 2 curare-tipped needles
Armour
 a - a +0 robe (worn)
Jewellery
 k - a ring of poison resistance (left hand)
Scrolls
 e - 2 scrolls of blinking {unknown}
 h - a scroll of random uselessness {unknown}
 l - a scroll of enchant weapon {unknown}
Books
 b - a book of Conjurations

   Spells                             Type                      Level
   a - Magic Dart                     Conjuration                  1
   b - Searing Ray                    Conjuration                  2
   c - Dazzling Spray                 Conjuration/Hexes            3
   d - Fulminant Prism                Conjuration/Hexes            4
   e - Iskenderun's Mystic Blast      Conjuration                  4
   f - Iskenderun's Battlesphere      Conjuration/Charms           5
Comestibles
 c - a bread ration
 f - 2 meat rations


   Skills:
 - Level 2.4 Dodging
 - Level 2.4 Stealth
 + Level 3.8 Spellcasting
 * Level 5.4 Conjurations


You had 6 spell levels left.
You knew the following spells:

 Your Spells              Type           Power        Failure   Level  Hunger
a - Magic Dart            Conj           ####         1%          1    None
b - Searing Ray           Conj           ####..       2%          2    ##.....


Dungeon Overview and Level Annotations

Branches:
Dungeon (3/15)

Altars:

Annotations:
D:3 Grinder


Message History

Press: ? - help, Shift-Dir - straight line, f/p - Grinder
Aim: Grinder (lightly wounded)
The searing ray hits Grinder.
Grinder is moderately wounded.
The searing ray hits Grinder.
Grinder is moderately wounded.
Grinder says, "FISH!"
The searing ray hits Grinder.
Grinder is heavily wounded.
Grinder gestures at you.
You suddenly lose the ability to move!
A giant gecko comes into view.
Grinder hits you.
You writhe in agony.
Grinder gestures at you. You resist with significant effort. The rat bites you.
You can move again.
You barely miss Grinder.
Grinder is heavily wounded.
The rat bites you. Grinder hits you!
You die...

.. #.##.. ## #.#...
.#..... ....... .#.....
.......
.......#############
.......r@....#.....######
...#...5.................
###########...†......#
#.............#
#......#......#
.(..........####
.............##..
.................
..............#..


You could see Grinder and a rat.

Vanquished Creatures
  2 adders (D:3)
  A worm (D:3)
  2 giant geckos (D:1)
  5 bats
  A giant cockroach (D:1)
  2 goblins (D:1)
  5 hobgoblins
  A ball python (D:1)
  2 giant newts
  A kobold (D:1)
22 creatures vanquished.

Notes
Turn   | Place    | Note
-------+----------+-------------------------------------------
     0 | D:1      | PurpleRed the Deep Elf Conjurer began the quest for the Orb.
     0 | D:1      | Reached XP level 1. HP: 10/10 MP: 6/6
   136 | D:1      | Reached XP level 2. HP: 15/15 MP: 1/8
   140 | D:1      | Learned a level 2 spell: Searing Ray
   252 | D:2      | Reached skill level 5 in Conjurations
   336 | D:3      | Reached XP level 3. HP: 7/19 MP: 2/10
   472 | D:3      | Noticed Grinder
   478 | D:3      | Paralysed by Grinder for 4 turns
   483 | D:3      | Slain by Grinder

Vault maps used:
D:1:      sevenhm_arrival_forest_fort_large_4
D:2:      lemuel_crystal_altar, nicolae_overflow_crystal_walls, first_bread,
          yredelemnul_altar_generic, uniq_jessica, uniq_sigmund
D:3:      gammafunk_temple_overflow_elements, lemuel_coloured_pillars_altar,
          uniq_grinder, uniq_crazy_yiuf_cottage

Skill      XL: |  1  2 |
---------------+-------+-----
Conjurations   | 5 |  5.4
Dodging        | |  2.4
Stealth        | |  2.4
Spellcasting   | |  3.8

Action                   || total
-------------------------++-------
Melee: Dagger            ||    27
 Cast: Magic Dart        ||    32
       Searing Ray       ||     4
Armor: Robe              ||     9
Dodge: Dodged            ||    28
